 Dungeon Crawl Stone Soup version 0.21-a0-404-g291f19a (webtiles) character file.

16 Insomnius the Skirmisher (level 2, -3/28 HPs)
             Began as a Naga Berserker on Oct 29, 2017.
             Was a Follower of Trog.
             Slain by a worm (9 damage)
             ... on level 2 of the Dungeon.
             The game lasted 00:12:00 (1188 turns).

Insomnius the Skirmisher (Naga Berserker)           Turns: 1188, Time: 00:12:00

Health: -3/28      AC:  2    Str: 19    XL:     2   Next: 54%
Magic:  2/2        EV:  9    Int:  7    God:    Trog [*.....]
Gold:   45         SH:  0    Dex: 10    Spells: 1/1 levels left

rFire    . . .     SeeInvis +   a - +0 falchion
rCold    . . .     Gourm    .   (no shield)
rNeg     . . .     Faith    .   h - +0 leather armour
rPois    +         Spirit   .   (no helmet)
rElec    .         Reflect  .   (no cloak)
rCorr    .         Harm     .   (no gloves)
MR       .....     Rnd*Tele +   (no barding)
Stlth    +.........             (no amulet)
HPRegen  0.09/turn              d - ring of teleportation (curse)
MPRegen  0.08/turn              (no ring)

@: berserk cooldown, hasted, quick
A: see invisible, deformed body, poison resistance, slowness 2, slow metabolism
1, spit poison 1, AC +0
a: Spit Poison, Berserk, Burn Spellbooks, Renounce Religion


You were on level 2 of the Dungeon.
You worshipped Trog.
Trog was aware of your devotion.
You were not hungry.

You visited 1 branch of the dungeon, and saw 2 of its levels.

You collected 45 gold pieces.

Inventory:

Hand Weapons
 a - a +0 falchion (weapon)
Missiles
 j - 3 javelins (quivered)
Armour
 b - a +0 animal skin
 h - a +0 leather armour (worn)
Jewellery
 d - a cursed ring of teleportation (left hand)
Comestibles
 c - a bread ration


   Skills:
 - Level 3.3 Fighting
 * Level 3.2 Long Blades
 + Level 1.6 Armour
 + Level 1.7 Dodging
 - Level 0.4 Stealth


You had one spell level left.
You didn't know any spells.

Dungeon Overview and Level Annotations

Branches:
Dungeon (2/15)

Altars:


Innate Abilities, Weirdness & Mutations

You cannot wear boots.
Your serpentine skin is tough. (AC +0)
You have supernaturally acute eyesight. (SInv)
Armour fits poorly on your strangely shaped body.
Your system is resistant to poisons. (rPois)
You cover ground very slowly.
You have a slow metabolism.
You can spit poison.


Message History

The worm bites you.
You hit the worm but do no damage.
The worm is heavily wounded.
You hit the worm but do no damage.
The worm is heavily wounded.
The worm bites you!
You hit the worm but do no damage.
The worm is heavily wounded.
The worm bites you.
* * * LOW HITPOINT WARNING * * *
You hit the worm but do no damage.
The worm is heavily wounded.
You slash the worm!
The worm is almost dead.
You feel yourself speed up. The worm closely misses you.
You hit the worm.
The worm is almost dead.
The worm bites you!
You die...

.# #
#.# .#
#. #.#
.#
#.###
...
#...#
...
###.#
... ..#
#)# #.#
#.# #.#
#.# #.#
#@# #
#.# #w#
##. #.#
#.#
#...#.#
#.#
#..<#
#..
#...###
... ##.
### #


You could see a worm.

Vanquished Creatures
  A dart slug (D:1)
  A goblin (D:2)
  4 hobgoblins (D:1)
  2 bats
  A frilled lizard (D:1)
  2 kobolds
  3 rats (D:1)
14 creatures vanquished.

Notes
Turn   | Place    | Note
-------+----------+-------------------------------------------
     0 | D:1      | Insomnius the Naga Berserker began the quest for the Orb.
     0 | D:1      | Reached XP level 1. HP: 21/21 MP: 1/1
   564 | D:1      | Reached XP level 2. HP: 24/28 MP: 2/2
  1188 | D:2      | Slain by a worm

Vault maps used:
D:1:      dpeg_cavernosity, minmay_misc_feat_iff
D:2:      minmay_goblin_outpost

Action                   || total
-------------------------++-------
Melee: Falchion          ||    50
Throw: Javelin           ||     2
 Abil: Spit Poison       ||     1
  Use: Potion            ||     3
       Scroll            ||     1
Armor: Animal skin       ||     1
       Leather armour    ||     7
Dodge: Dodged            ||    29
       Rpst.: Falchion   ||     5

Table legend:
 A = Spawn XP
 B = Non-spawn XP
 C = Spawn XP percentage of total XP
 D = Spawn monster count
 E = Non-spawn monster count
 F = Spawn count percentage of total count
 G = Total turns spent on level
                    A         B        C        D         E        F      G
               +---------+---------+-------+---------+---------+-------+---------
         Total |       0 |      23 |   0.0 |       0 |      14 |   0.0 |  1188
               +---------+---------+-------+---------+---------+-------+---------
           D:1 |       0 |      18 |   0.0 |       0 |      11 |   0.0 |  1051
           D:2 |       0 |       5 |   0.0 |       0 |       3 |   0.0 |   137
               +---------+---------+-------+---------+---------+-------+---------
